 Dungeon Crawl Stone Soup version 0.18-a0-1426-g3b9a63c (webtiles) character file.

97 chei the Skirmisher (level 4, -4/44 HPs)
             Began as a Naga Fighter on Feb 27, 2016.
             Slain by an orc
             ... wielding a +0 mace
              (5 damage)
             ... on level 3 of the Dungeon.
             The game lasted 00:02:43 (2874 turns).

chei the Skirmisher (Naga Fighter)                  Turns: 2874, Time: 00:02:43

Health: -4/44      AC:  5    Str: 19    XL:     4   Next: 68%
Magic:  4/4        EV:  5    Int:  9    God:
Gold:   138        SH:  8    Dex: 10    Spells: 0 memorised, 3 levels left

rFire  x . .     SeeInvis +     a - +1 long sword
rCold  + . .     Gourm    .     b - +0 scale mail
rNeg   . . .     Faith    .     c - +0 shield
rPois  +         Spirit   .     (no helmet)
rElec  .         Dismiss  .     (no cloak)
rCorr  .         Reflect  .     (no gloves)
SustAt .         Harm     .     (no barding)
MR     .....                    (no amulet)
Stlth  ..........               (no ring)
                                q - ring of ice

@: very slow, not resistant to hostile enchantments, extremely unstealthy
A: see invisible, deformed body, poison resistance, slowness 2, slow metabolism
1, spit poison 2, AC +1
a: Spit Poison


You were on level 3 of the Dungeon.
You were near starving.

You visited 1 branch of the dungeon, and saw 3 of its levels.

You collected 138 gold pieces.

Inventory:

Hand Weapons
 a - a +1 long sword (weapon)
Armour
 b - a +0 scale mail (worn)
 c - a +0 shield (worn)
Jewellery
 q - a ring of ice (left hand)
Scrolls
 k - a scroll of noise
 l - 3 scrolls of identify
 m - a scroll of amnesia
 p - a scroll of remove curse
Potions
 d - a potion of might
 h - a potion of cure mutation {unknown}
 i - a potion of magic
 j - a potion of curing
 n - a potion of heal wounds {unknown}
 o - a potion of flight
Comestibles
 f - 2 bread rations
 g - a slice of pizza


   Skills:
 + Level 3.9 Fighting
 * Level 3.1 Long Blades
 - Level 2.5 Armour
 + Level 1.4 Dodging
 - Level 2.5 Shields


You had 3 spell levels left.
You didn't know any spells.

Dungeon Overview and Level Annotations

Branches:
Dungeon (3/15)

Altars:
Trog


Innate Abilities, Weirdness & Mutations

You cannot wear boots.
Your serpentine skin is tough (AC +1).
You have supernaturally acute eyesight.
Armour fits poorly on your strangely shaped body.
Your system is resistant to poisons.
You cover ground very slowly.
You have a slow metabolism.
You can spit poison.


Message History

The orc wizard hits you but does no damage.
The orc hits you with a mace.
Your shield and scale mail prevent you from hitting the orc wizard.
The orc wizard is almost dead.
The orc wizard hits you but does no damage.
The orc wizard barely misses you. The orc hits you but does no damage.
Unknown command.
You slash the orc wizard!
You kill the orc wizard!
Your Long Blades skill increases to level 3!
You block the orc's attack.
Unknown command.
You slash the orc priest!
The orc priest is almost dead.
You have got your breath back.
The orc priest mumbles some strange prayers to Beogh against you.
Beogh smites you!
* * * LOW HITPOINT WARNING * * *
The orc hits you with a mace.
You die...

. .. . ## ####### #... .
....#†....#..... .
♣♣.............########.
♣.....)@♣♣.♣♣♣........#.
♣.P♣...♣oo.♣ ♣.....#.
..............♣ ♣.<..
.###.............
♣..♣... #.......P.....
#.♣.....
#.....#+##P...#.....##.
....P. .......... .
P..⌠.. .P.#..... .
#.PP♣P .


You could see an orc priest and an orc.

Vanquished Creatures
  An orc wizard (D:3)
  2 adders (D:2)
  A worm (D:2)
  A dart slug (D:2)
  3 giant geckos
  An orc (D:3)
  8 bats
  2 giant cockroaches (D:1)
  4 goblins
  2 hobgoblins (D:1)
  8 kobolds
  A quokka (D:3)
  A ball python (D:2)
  A giant newt (D:1)
  9 rats (D:1)
45 creatures vanquished.

Notes
Turn   | Place    | Note
--------------------------------------------------------------
     0 | D:1      | chei the Naga Fighter began the quest for the Orb.
     0 | D:1      | Reached XP level 1. HP: 21/21 MP: 1/1
   116 | D:1      | Reached XP level 2. HP: 24/28 MP: 2/2
   417 | D:1      | Reached XP level 3. HP: 32/34 MP: 3/3
  2101 | D:2      | Reached skill level 1 in Dodging
  2101 | D:2      | Reached XP level 4. HP: 3/44 MP: 4/4
  2603 | D:2      | Found a bloodstained altar of Trog.
  2874 | D:3      | HP: 1/44 [orc priest/divine providence (17)]
  2874 | D:3      | Slain by an orc

Vault maps used:
D:1:      minmay_arrival_loop, st_stairs_4, serial_bayou_pond_e
D:2:      first_bread, lemuel_tele_altar
D:3:      wad_woods_settlement

Skill      XL: |  1  2  3  4 |
---------------+-------------+-----
Dodging        | 1 |  1.4
Long Blades    | 3 |  3.1
Fighting       | |  3.9
Armour         | |  2.5
Shields        | |  2.5

Action                   |  1- 3 |  4- 6 || total
-------------------------+-------+-------++-------
Melee: Long sword        |   192 |    26 ||   218
 Abil: Spit Poison       |     2 |     1 ||     3
  Use: Scroll            |     9 |     2 ||    11
       Potion            |     1 |       ||     1
  Eat: Chunk             |     2 |     1 ||     3
